 Dungeon Sprint DCSS version 0.23-a0-335-gba3dfdf (webtiles) character file.

20153 emperorscorpion the Severer (level 12, -5/115 HPs)
             Began as a Vine Stalker Berserker on Oct 18, 2018.
             Was the Champion of Trog.
             Slain by an ettin
             ... wielding a +0 dire flail of protection
              (24 damage)
             ... in the Dungeon (Sprint IX: "|||||||||||||||||||||||||||||").
             The game lasted 00:09:12 (1284 turns).

emperorscorpion the Severer (VSBe)                  Turns: 1284, Time: 00:09:13

Health: -5/115     AC: 23    Str: 29    XL:     12   Next: 76%
Magic:  0/13       EV: 14    Int:  7    God:    Trog [******]
Gold:   1261       SH:  0    Dex: 15    Spells: 11/11 levels left

rFire    . . .     SeeInvis .   G - +2 battleaxe (vamp)
rCold    . . .     Gourm    .   (shield currently unavailable)
rNeg     . . .     Faith    .   L - +2 plate armour
rPois    .         Spirit   +   p - +0 helmet
rElec    .         Reflect  .   w - +0 cloak
rCorr    .         Harm     .   o - +0 pair of gloves
MR       +....     NoTele   +   (no boots)
Stlth    ..........             (no amulet)
HPRegen  1.09/turn              r - +2 ring of evasion
MPRegen  0.13/turn              s - +2 ring of protection

@: berserking, very quick
A: fangs 3, regeneration 2, magic shield, antimagic bite, no potion heal 3, rot
immunity
a: Berserk, Trog's Hand, Brothers in Arms, Renounce Religion


You were in the Dungeon.
You worshipped Trog.
Trog was exalted by your worship.
You were not hungry.

You visited 1 branch You collected 1915 gold pieces.
You spent 654 gold pieces at shops.

Inventory:

Hand Weapons
 a - a +7 battleaxe of chopping
 b - a +5 war axe of flaming
 n - a +0 hand axe
 E - a +1 antimagic broad axe
 G - a +2 vampiric battleaxe (weapon)
 H - the cursed +0 battleaxe of Vodka {chop, rF++ Int-2}
   (You bought it in a shop in the Dungeon)

   It inflicts extra damage upon your enemies.
   It affects your intelligence (-2).
   It greatly protects you from fire.
   It has a curse placed upon it.
Missiles
 C - 4 needles of frenzy
Armour
 o - a +0 pair of gloves (worn)
 p - a +0 helmet (worn)
 q - a +1 chain mail
 w - a +0 cloak (worn)
 B - a +0 animal skin
 F - a +0 chain mail
 K - +0 storm dragon scales
 L - a +2 plate armour (worn)
Magical Staves
 m - an uncursed staff of energy
Jewellery
 r - a +2 ring of evasion (left hand)
 s - a +2 ring of protection (right hand)
 t - an uncursed ring of protection from cold
 y - an uncursed ring of fire
 I - an uncursed ring of protection from cold
 J - an uncursed ring of ice
Wands
 l - a wand of acid (10)
 A - a wand of random effects (14)
 D - a wand of flame (11)
Scrolls
 i - 3 scrolls of blinking
 k - 3 scrolls of remove curse
 x - 3 scrolls of fear
 z - 4 scrolls of fog
 M - 2 scrolls of enchant weapon
Potions
 d - 8 potions of curing
 e - 5 potions of heal wounds
 f - 3 potions of haste
 g - 4 potions of magic
 h - 2 potions of berserk rage
 j - a potion of invisibility
 u - a potion of brilliance
 v - a potion of mutation
Comestibles
 c - 9 rations


   Skills:
 + Level 15.9 Fighting
 + Level 19.3 Axes
 + Level 11.5 Armour
 + Level 7.1 Dodging
 + Level 3.4 Stealth


You had 11 spell levels left.
You didn't know any spells.
Your spell library was empty.

Dungeon Overview and Level Annotations

Branches:
Dungeon (1/1)

Altars:
Cheibriados
Dithmenos
Elyvilon
Fedhas
Gozag
Hepliaklqana
Kikubaaqudgha
Makhleb
Nemelex Xobeh
Okawaru
Qazlal
Ru
Sif Muna
Trog
Uskayaw
Vehumet
Wu Jian
Xom
Yredelemnul
Zin
The Shining One
Beogh
Jiyva
Lugonu

Shops:
D [(((


Innate Abilities, Weirdness & Mutations

You have razor-sharp teeth.
You heal very quickly.
When hurt, damage is shared between your health and your magic reserves.
Your bite disrupts and absorbs the magic of your enemies.
Potions cannot restore your health.
You are immune to rotting.


Message History

You hit the ettin but do no damage. You bite the ettin! You drain its power.
The ettin is lightly wounded.
The ettin hits you with a +0 dire flail of protection!!
The ettin barely misses you.
You hit the ettin but do no damage. You bite the ettin, but do no damage.
The ettin is lightly wounded.
You slash the ettin!
The ettin is heavily wounded.
The ettin hits you with a +0 dire flail of protection!!
The ettin hits you with a +0 dire flail!!
* * * LOW HITPOINT WARNING * * *
You are too injured to fight recklessly!
You are too injured to fight recklessly!
You are too injured to fight recklessly!
A red film seems to cover your vision as you go berserk!
You feel yourself moving faster!
You feel mighty!
You feel a lot more hungry.
The ettin hits you with a +0 dire flail of protection!
* * * LOW HITPOINT WARNING * * *
The ettin hits you with a +0 dire flail!!
You die...

▓.▓.▓.▓[▓.▓.▓
▓.▓.▓.▓.▓.▓.▓.▓
▓.▓.▓.▓.▓.▓.▓.▓
▓.▓.▓.▓.▓'▓.▓.▓
▓C▓.▓.▓.▓[▓.▓)▓
▓D▓.▓∩▓.▓.▓.▓)▓
▓c▓.▓.▓.▓.▓.▓(▓
▓C▓.▓∩▓.▓.▓.▓(▓
▓@▓.▓)▓.▓.▓.▓.▓
▓)▓.▓∩▓.▓.▓.▓.▓
▓†▓.▓)▓.▓.▓.▓.▓
▓.▓.▓∩▓.▓.▓.▓.▓
▓†▓.▓.▓.▓.▓.▓)▓
▓)▓.▓.▓(▓.▓.▓.▓
▓)▓.▓.▓(▓.▓.▓?▓
▓'▓.▓.▓(▓÷▓.▓.▓
▓(▓.▓.▓.▓÷▓.▓'▓


You could see an ice dragon, a stone giant, an ettin and a yaktaur.

Vanquished Creatures
  A sphinx (D)
  2 hydras (D)
  Harold (D)
  A centaur warrior (D)
  2 tengu warriors (D)
  3 ogre magi (D)
  An orc high priest (D)
  7 deep trolls (D)
  2 orc knights (D)
  An elephant (D)
  A black mamba (D)
  Joseph (D)
  A spiny frog (D)
  A yaktaur (D)
  A komodo dragon (D)
  A tengu conjurer (D)
  4 trolls (D)
  4 polar bears (D)
  2 hippogriffs (D)
  2 blink frogs (D)
  A wyvern (D)
  A yak (D)
  Eustachio (D)
  A basilisk (shapeshifter) (D)
  A hungry ghost (D)
  2 water moccasins (D)
  4 porcupines (D)
  8 orc warriors (D)
  An eye of draining (D)
  4 sky beasts (D)
  4 black bears (D)
  2 centaurs (D)
  An ogre (D)
  3 crocodiles (D)
  2 bullfrogs (D)
  A howler monkey (D)
  A hound (D)
  4 orc priests (D)
  2 orc wizards (D)
  A shadow imp (D)
  8 orcs (D)
  A goblin (D)
  A hobgoblin (D)
  A quokka (D)
  A bat (D)
  2 frilled lizards (D)
  A jackal skeleton (D)
  A rat (D)
100 creatures vanquished.

Notes
Turn   | Place    | Note
-------+----------+-------------------------------------------
     0 | D        | emperorscorpion the Vine Stalker Berserker began the quest
                  | for the Orb.
     0 | D        | Reached XP level 1. HP: 11/11 MP: 2/2
     4 | D        | Reached skill level 3 in Axes
    10 | D        | Reached ** piety under Trog
    20 | D        | Noticed a hound
    23 | D        | Killed a hound
    23 | D        | Reached skill level 4 in Axes
    23 | D        | Reached XP level 2. HP: 18/18 MP: 3/3
    23 | D        | Reached XP level 3. HP: 21/21 MP: 4/4
    25 | D        | Reached *** piety under Trog
    39 | D        | Found a roughly hewn altar of Beogh.
    39 | D        | Found a snail-covered altar of Cheibriados.
    39 | D        | Found a shadowy altar of Dithmenos.
    39 | D        | Found a white marble altar of Elyvilon.
    39 | D        | Found a blossoming altar of Fedhas.
    39 | D        | Found an opulent altar of Gozag.
    40 | D        | Found a hazy altar of Hepliaklqana.
    41 | D        | Found a viscous altar of Jiyva.
    42 | D        | Found an ancient bone altar of Kikubaaqudgha.
    43 | D        | Found a corrupted altar of Lugonu.
    44 | D        | Found a burning altar of Makhleb.
    45 | D        | Found a sparkling altar of Nemelex Xobeh.
    46 | D        | Found an iron altar of Okawaru.
    47 | D        | Found a stormy altar of Qazlal.
    48 | D        | Found a sacrificial altar of Ru.
    49 | D        | Found a deep blue altar of Sif Muna.
    50 | D        | Found a bloodstained altar of Trog.
    51 | D        | Found a hide-covered altar of Uskayaw.
    52 | D        | Found a radiant altar of Vehumet.
    53 | D        | Found an ornate altar of the Wu Jian Council.
    54 | D        | Found a shimmering altar of Xom.
    55 | D        | Found a basalt altar of Yredelemnul.
    56 | D        | Found a glowing silver altar of Zin.
    57 | D        | Found a glowing golden altar of the Shining One.
   109 | D        | Noticed a yak
   109 | D        | Noticed a centaur
   109 | D        | Noticed a troll
   109 | D        | Noticed a centaur
   109 | D        | Noticed a sky beast
   113 | D        | Killed a sky beast
   113 | D        | Reached **** piety under Trog
   113 | D        | Reached skill level 5 in Fighting
   113 | D        | Reached skill level 5 in Axes
   113 | D        | Gained mutation: Your natural rate of healing is unusually
                  | fast. [Vine Stalker growth]
   113 | D        | Reached XP level 4. HP: 27/27 MP: 5/5
   116 | D        | Killed a centaur
   116 | D        | Reached skill level 7 in Axes
   116 | D        | Reached XP level 5. HP: 32/32 MP: 6/6
   117 | D        | Killed a troll
   117 | D        | Reached skill level 8 in Axes
   117 | D        | Reached XP level 6. HP: 39/39 MP: 7/7
   120 | D        | Reached skill level 9 in Axes
   120 | D        | Reached XP level 7. HP: 44/44 MP: 8/8
   127 | D        | Killed a yak
   127 | D        | Reached ***** piety under Trog
   132 | D        | Reached skill level 10 in Axes
   138 | D        | Noticed a hungry ghost
   138 | D        | Noticed a wyvern
   147 | D        | Received a gift from Trog
   151 | D        | Reached skill level 5 in Dodging
   151 | D        | Gained mutation: You have razor-sharp teeth. [Vine Stalker
                  | growth]
   151 | D        | Reached XP level 8. HP: 38/50 MP: 9/9
   157 | D        | Killed a wyvern
   157 | D        | Reached skill level 11 in Axes
   160 | D        | Reached skill level 10 in Fighting
   160 | D        | Reached skill level 5 in Armour
   165 | D        | Received a gift from Trog
   283 | D        | Noticed a komodo dragon
   283 | D        | Noticed a blink frog
   283 | D        | Noticed a spiny frog
   288 | D        | Killed a spiny frog
   288 | D        | Reached skill level 12 in Axes
   291 | D        | Reached XP level 9. HP: 46/55 MP: 10/10
   292 | D        | Noticed an eight-headed hydra
   301 | D        | Killed a komodo dragon
   305 | D        | Killed a five-headed hydra
   305 | D        | Reached skill level 13 in Axes
   307 | D        | Received a gift from Trog
   310 | D        | Reached skill level 14 in Axes
   314 | D        | Noticed an elephant
   321 | D        | Killed an elephant
   321 | D        | Reached XP level 10. HP: 19/62 MP: 9/11
   331 | D        | Noticed a black mamba
   331 | D        | Noticed a four-headed hydra
   335 | D        | Killed a one-headed hydra
   339 | D        | Reached skill level 15 in Axes
   342 | D        | Killed a black mamba
   342 | D        | Reached ****** piety under Trog
   342 | D        | Received a gift from Trog
   376 | D        | Received a gift from Trog
   385 | D        | Received a gift from Trog
   452 | D        | Noticed Joseph
   463 | D        | Killed Joseph
   463 | D        | Reached skill level 16 in Axes
   463 | D        | Reached XP level 11. HP: 61/68 MP: 12/12
   595 | D        | Noticed Harold
   608 | D        | Killed Harold
   612 | D        | Noticed Eustachio
   618 | D        | Killed Eustachio
   618 | D        | Received a gift from Trog
   666 | D        | Received a gift from Trog
   666 | D        | Reached skill level 1 in Stealth
   691 | D        | Received a gift from Trog
   871 | D        | Noticed an orc knight
   871 | D        | Noticed an orc high priest
   879 | D        | Killed an orc high priest
   888 | D        | Killed an orc knight
   892 | D        | Reached skill level 17 in Axes
   894 | D        | Noticed an orc knight
   908 | D        | Killed an orc knight
   908 | D        | Received a gift from Trog
   961 | D        | Found Gysch's Weapon Boutique.
   961 | D        | Noticed a deep troll
   961 | D        | Noticed a deep troll
   961 | D        | Noticed a deep troll
   961 | D        | Noticed a deep troll
   970 | D        | Killed a deep troll
   974 | D        | Killed a deep troll
   980 | D        | Killed a deep troll
   980 | D        | Received a gift from Trog
   988 | D        | Killed a deep troll
   995 | D        | Found Weneniy's Antique Weapon Shop.
   999 | D        | Found Wuud's Weapon Boutique.
  1000 | D        | Noticed an ogre mage
  1005 | D        | Noticed an ogre mage
  1006 | D        | Reached skill level 18 in Axes
  1008 | D        | Found Escho's Armour Shop.
  1008 | D        | Noticed a deep troll
  1012 | D        | Noticed a deep troll
  1014 | D        | Killed an ogre mage
  1014 | D        | Gained mutation: You heal very quickly. [Vine Stalker
                  | growth]
  1014 | D        | Reached XP level 12. HP: 34/75 MP: 9/13
  1017 | D        | Noticed an ogre mage
  1018 | D        | Killed an ogre mage
  1018 | D        | Received a gift from Trog
  1018 | D        | Reached skill level 10 in Armour
  1029 | D        | Reached skill level 15 in Fighting
  1034 | D        | Killed an ogre mage
  1051 | D        | Bought a +2 vampiric battleaxe for 378 gold pieces
  1060 | D        | Bought a transparent battleaxe for 276 gold pieces
  1060 | D        | Identified the cursed +0 battleaxe of Vodka {chop, rF++
                  | Int-2} (You bought it in a shop in the Dungeon)
  1224 | D        | Noticed a tengu warrior
  1224 | D        | Noticed a centaur warrior
  1229 | D        | Killed a centaur warrior
  1239 | D        | Killed a tengu warrior
  1241 | D        | Noticed a sphinx
  1245 | D        | Received a gift from Trog
  1254 | D        | Noticed a tengu warrior
  1257 | D        | Noticed an ettin
  1259 | D        | Noticed an ice dragon
  1265 | D        | Noticed a stone giant
  1267 | D        | Killed a sphinx
  1267 | D        | Reached skill level 19 in Axes
  1271 | D        | Received a gift from Trog
  1280 | D        | Killed a tengu warrior
  1284 | D        | Slain by an ettin

Vault maps used:
D:        linesprint

Skill      XL: |  1  2  3  4  5  6  7  8  9 10 11 12 |
---------------+-------------------------------------+-----
Fighting       | 4 5 6 8 9 10 11 13 14 15 | 15.9
Axes           | 4 5 7 8 9 10 12 14 16 18 19 | 19.3
Armour         | 2 3 4 5 6 8 9 11 | 11.5
Dodging        | 2 3 4 5 6 7 |  7.1
Stealth        | 2 3 |  3.4

Action                   |  1- 3 |  4- 6 |  7- 9 | 10-12 || total
-------------------------+-------+-------+-------+-------++-------
Melee: Hand axe          |    19 |       |       |       ||    19
       Bite              |     4 |     2 |    26 |    89 ||   121
       War axe           |     3 |     5 |    65 |    52 ||   125
       Battleaxe         |       |       |       |   180 ||   180
Invok: Berserk           |     2 |       |     1 |     1 ||     4
       Trog's Hand       |     1 |       |     2 |     4 ||     7
       Brothers in Arms  |       |       |       |     1 ||     1
  Use: Scroll            |       |       |     2 |     1 ||     3
  Eat: Chunk             |       |       |     4 |     5 ||     9
       Ration            |       |       |       |     2 ||     2
Armor: Animal skin       |     4 |       |       |       ||     4
       Chain mail        |     3 |     2 |    25 |    80 ||   110
       Plate armour      |       |       |       |    42 ||    42
Dodge: Dodged            |     3 |     1 |    31 |   117 ||   152

Table legend:
 A = Non-vault XP
 B = Vault XP
 C = Vault XP percentage of total XP
 D = Non-vault monster count
 E = Vault monster count
 F = Vault count percentage of total count
                 A         B        C        D         E       F
            +---------+---------+-------+---------+---------+-------
      Total |       0 |   28791 | 100.0 |       0 |     100 | 100.0
            +---------+---------+-------+---------+---------+-------
          D |       0 |   28791 | 100.0 |       0 |     100 | 100.0
            +---------+---------+-------+---------+---------+-------
